 Dungeon Crawl Stone Soup version 0.32-a0-86-g8db1b9f803 (webtiles) character file.

Game seed: 13039367852409790226

4 Esekla the Sneak (level 1, -1/16 HPs)
             Began as an Octopode Delver on Feb 5, 2024.
             Killed from afar by an orc wizard (7 damage)
             ... with a magic dart
             ... on level 5 of the Dungeon.
             The game lasted 00:00:29 (25 turns).

Esekla the Sneak (Octopode Delver)                    Turns: 25, Time: 00:00:29

Health: -1/16      AC:  1    Str: 11    XL:     1   Next: 60%
Magic:  1/1        EV: 13    Int: 12    God:
Gold:   0          SH:  0    Dex: 13    Spells: 0/0 levels left

rFire   . . .        a - +0 falchion
rCold   . . .        (no shield)
rNeg    . . .        (helmet restricted)
rPois   .            (no amulet)
rElec   .            (no ring)
rCorr   .            (no ring)
SInv    .            (no ring)
Will    .....        (no ring)
Stlth   ++           (no ring)
HPRegen 0.22/turn    (no ring)
MPRegen 0.07/turn    (no ring)
                     (no ring)

%: no passive effects
@: confused
A: almost no armour, amphibious, 8 rings, camouflage 1, gelatinous body 1,
(nimble swimmer 1), tentacles
a: no special abilities


You were on level 5 of the Dungeon.
You visited 1 branch of the dungeon, and saw 1 of its levels.

Inventory:

Hand Weapons
 a - a +0 falchion (weapon)
 g - a +1 dagger of speed
Jewellery
 c - an amulet of faith
Wands
 f - a wand of digging (3)
Scrolls
 b - a scroll of fog
 d - a scroll of fear
Potions
 e - a potion of haste


   Skills:
 * Level 3.0 Fighting
 + Level 2.0 Long Blades
 + Level 2.0 Dodging
 + Level 6.8 Stealth


You couldn't memorise any spells.
You didn't know any spells.
Your spell library was empty.

Dungeon Overview and Level Annotations

Branches:
Dungeon (5/15)
 Temple: D:4-7

Altars:

Annotations:
D:5 1 runed translucent door


Innate Abilities, Weirdness & Mutations

You cannot wear most types of armour.
You are amphibious.
You can wear up to eight rings at the same time.
Your skin changes colour to match your surroundings (Stealth+).
Your rubbery body absorbs attacks. (AC +1, EV +1)
((You are camouflaged when in or above water. (Stealth+)))
You have tentacles for arms and can constrict up to eight enemies at once.


Message History

Welcome, Esekla the Octopode Delver.
A smirking vizier told you that the Orb of Zot is just within this dungeon.
Press ? for a list of commands and other information.
Found a serpent talisman.
Found a stone staircase leading down.
As you read the scroll of revelation, it crumbles to dust.
You feel aware of your surroundings.
You sensed 1 shop/portal.
Found a dented garnet amulet.
Found an escape hatch in the floor.
An orc comes into view. It is wielding a +1 dagger of speed.
An orc comes into view. It is wielding a +0 war axe.
The orc shouts!
You hear a shout!
You see here an amulet of faith.
c - an amulet of faith The orc misses you.
The orc attacks as it pursues you! The orc barely misses you.
Found a runed translucent door.
The orc attacks as it pursues you! The orc hits you with a +0 war axe.
You closely miss the orc. You grab the orc. You tentacle-slap the orc.
The orc is lightly wounded.
You constrict the orc. The orc misses you.
An orc wizard comes into view. It is wielding a +0 dagger.
You slash the orc!
You kill the orc!
You hit the orc. You grab the orc. You squeeze the orc.
You kill the orc!
An orc comes into view. It is wielding a +0 short sword.
The orc wizard gestures at you while chanting.
You are confused.
Things that are here:
a +1 dagger of speed; a +0 war axe; an orc corpse
g - a +1 dagger of speed You bump into the rock wall.
The adder hisses angrily.
The orc wizard gestures at you while chanting.
The magic dart hits you!
Ouch! That really hurt!
The orc wizard points at you and mumbles some strange words.
The magic dart hits you!
You die...

,*************,** *,***#.###.####
,,<,,,,,,,,* *** *.# #.###.####
,*********,* #.# #.###.#### **
*,* #.# #.###.#### * *,*
##.####.##...### * *,*
#####.............># **
*,#*#.....>......#...#%#
,********###..#.##........##.##.#
,*~~~~~~~~S#....@)........##.##.#
,+~~~~,~~rB+....###.oo.......##.#
,*~~~~~~~~~#.#..* ###...........#
*********###*#..** #....#####..#
******,* *,* #..,* ####.#####...
,,,,,,,* *,* #.#,* #.#****,..
***,**,***,**#.,,* #o.,,,,,..
*,**,,,,,,,..*,* ####***,,.
*,****,*****,,,* *,*,


You could see an orc wizard, an adder, an orc (wandering), a giant cockroach
(wandering) and a rat (wandering).

Vanquished Creatures
  2 orcs (D:5)
2 creatures vanquished.

Notes
Turn   | Place    | Note
-------+----------+-------------------------------------------
     0 | D:5      | Esekla the Octopode Delver began the quest for the Orb.
     0 | D:5      | Reached XP level 1. HP: 16/16 MP: 1/1
    16 | D:5      | Found a runed translucent door.
    19 | D:5      | Noticed an orc wizard
    25 | D:5      | Killed from afar by an orc wizard

Illustrated notes

Levels and vault maps discovered:
D:5:      layout_loops_ring, ebering_ghost_sewer_f, serial_shops,
          nicolae_shop_temple_entry_statues_fountains, due_unseen_surprise

Action                     || total
---------------------------++-------
  Melee: Falchion          ||     3
         Constrict         ||     2
         Punch             ||     1
         Tentacles         ||     1
    Use: Scroll            ||     1
 Armour: Skin              ||     3
  Dodge: Dodged            ||     3

Table legend: (Time is in decaauts)
 A = Elapsed time spent in this place.
 B = Non-inter-level travel time spent in this place.
 C = Inter-level travel time spent in this place.
 D = Time resting spent in this place.
 E = Time spent auto-exploring this place.
 F = Levels seen in this place.
 G = Mean time per level.
                   A        B        C        D        E       F      G
               +--------+--------+--------+--------+--------+-----+--------+
         Total |     25 |     25 |      0 |      0 |      0 |   1 |   25.0 |
       Dungeon |     25 |     25 |      0 |      0 |      0 |   1 |   25.0 |
               +--------+--------+--------+--------+--------+-----+--------+

Top non-repeatable levels by time:
     D:5: 25 daAuts
